Map: Ruby Rock LE

Players

HoldTheDoor - Winner!

  • Race: Protoss Protoss
  • League: Diamond
  • Spawn Location: 11:00

Pantoniem

  • Race: Protoss Protoss
  • League: Diamond
  • Spawn Location: 5:00

VOD

Have the link to the VOD?

Description

Time

  • Played on: May 23, 2026, 1:10 p.m.
  • Length: 5:55
Show
View Real Time Build Order
Export as new Build Order

HoldTheDoor Protoss - Winner!

Build Orders:  

Get SALT Encoding   

  12  0:00  Probe  
  13  0:12  Probe  
  14  0:18  Pylon  
  14  0:23  Probe  
  15  0:32  Probe  
  15  0:38  Gateway  
  15  0:40  Probe  
  16  0:49  Assimilator  
  17  0:54  Assimilator  
  17  0:56  Probe  
  18  1:03  Assimilator  
  18  1:08  Probe  
  19  1:15  Gateway  
  19  1:34  Pylon  
  19  1:37  Probe  
  20  1:49  Probe  
  20  1:50  Cybernetics Core  
  21  1:56  Pylon  
  22  2:01  Probe, Pylon  
  22  2:13  Probe  
  22  2:15  Warp Gate  
  23  2:25  Probe  
  23  2:28  Stalker x2  
  28  2:38  Robotics Facility  
  28  2:43  Gateway  
  28  2:46  Probe  
  29  2:56  Stalker  
  29  2:58  Sentry  
  33  3:05  Shield Battery  
  33  3:08  Probe  
  33  3:12  Pylon  
  34  3:20  Probe  
  34  3:23  Immortal  
  39  3:43  Pylon  
  39  3:48  Shield Battery  
  39  3:49  Pylon  
  39  3:55  Immortal  
  43  4:11  Stalker  
  43  4:12  Sentry  
  47  4:18  Stalker  
  49  4:28  Pylon  
  49  4:34  Stalker  
  51  4:56  Stalker  
  51  4:57  Stalker x2  
  53  5:08  Observer  
  52  5:45  Pylon  
  52  5:47  Pylon  
  40  5:49  Pylon  
Show
View Real Time Build Order
Export as new Build Order

Pantoniem Protoss 

Build Orders: Dark Templar Rush 

Get SALT Encoding   

  12  0:00  Probe  
  13  0:12  Probe  
  14  0:17  Pylon  
  14  0:24  Probe  
  15  0:35  Gateway  
  15  0:38  Probe  
  16  0:45  Assimilator  
  16  0:50  Probe  
  17  1:03  Probe  
  18  1:30  Cybernetics Core  
  18  1:34  Gateway  
  18  1:36  Gateway  
  18  1:37  Pylon  
  18  1:50  Zealot  
  20  2:02  Warp Gate  
  20  2:06  Twilight Council  
  20  2:16  Probe  
  20  2:20  Stalker, Zealot  
  20  2:21  Zealot  
  27  2:49  Zealot  
  27  2:50  Charge  
  27  2:51  Zealot  
  31  3:00  Pylon  
  31  3:05  Assimilator  
  31  3:19  Zealot x2  
  35  3:20  Zealot  
  37  3:31  Probe  
  38  3:44  Pylon  
  38  3:54  Dark Shrine  
  38  4:02  Zealot  
  40  4:05  Probe  
  41  4:28  Nexus  
  41  4:37  Shield Battery  
Tags
 
Matchup
PvP
Replay Pack
SC2Mai2026
Spawn Locations
Cross Positions
Add a new tag
Caveats
  • Supply blocks, unpowered buildings, or Contaminate may cause inaccurate times.
  • Supply counts are checked every 10 seconds.